[Event "ICC tourney 2501 (45 10)"]
[Site "Internet Chess Club"]
[Date "2021.04.10"]
[Round "1"]
[White "SHARMA, VISHRUTH:VishyNo1"]
[Black "QIN, VINCENT:VQinchess"]
[Result "1/2-1/2"]
[ICCResult "Game drawn by the 50 move rule"]
[WhiteElo "2081"]
[BlackElo "1855"]
[Opening "Sicilian: Taimanov variation"]
[ECO "B48"]
[NIC "SI.40"]
[Time "11:02:48"]
[PlyCount "212"]
[TimeControl "2700+10"]

1. e4 c5 2. Nf3 e6 3. d4 cxd4 4. Nxd4 Nc6 5. Nc3 Qc7 6. Be3 a6 7. a3 Nf6 8.
f4 d6 9. Qf3 Be7 10. Be2 O-O 11. O-O-O Nxd4 12. Bxd4 b5 13. e5 Bb7 14. Qg3
Ne4 15. Qxg7+ Kxg7 16. exd6+ e5 17. Bxe5+ f6 18. dxc7 fxe5 19. c8=Q Raxc8
20. Rd7 Nxc3 21. Bh5 Nd5 22. Rxb7 Rc7 23. Rxc7 Nxc7 24. fxe5 Rf5 25. g4
Rxe5 26. Rf1 Bg5+ 27. Kb1 Re7 28. Rf5 h6 29. Rc5 Bf4 30. h3 Bh2 31. g5 hxg5
32. Rxg5+ Kh6 33. Rf5 Re5 34. Bg4 Rxf5 35. Bxf5 Bg3 36. Ka2 Kg5 37. Bd7 a5
38. b4 a4 39. c4 bxc4 40. Bxa4 Kf4 41. b5 Ke3 42. b6 Nd5 43. Kb2 Nxb6 44.
Bb5 Kd2 45. Bxc4 Nxc4+ 46. Kb3 Kd3 47. a4 Kd4 48. Kb4 Be1+ 49. Kb5 Na3+ 50.
Kb6 Ke5 51. h4 Kf5 52. a5 Nc4+ 53. Kb5 Nxa5 54. Kc5 Kg4 55. h5 Kxh5 56. Kd4
Kg4 57. Ke4 Bg3 58. Kd4 Kf4 59. Kd5 Nb3 60. Kc4 Nd2+ 61. Kd3 Nf3 62. Kc4
Ke4 63. Kc5 Ne5 64. Kd6 Nc4+ 65. Kc5 Kd3 66. Kd5 Ne5 67. Ke6 Ke4 68. Kd6
Bf2 69. Ke6 Nc4 70. Kf6 Bh4+ 71. Ke6 Ne5 72. Kd6 Bg3 73. Kc5 Nd3+ 74. Kc4
Bd6 75. Kc3 Bb4+ 76. Kc4 Bd2 77. Kb5 Kd5 78. Kb6 Bf4 79. Kb5 Nc5 80. Kb6
Nd7+ 81. Kb5 Bd2 82. Ka6 Kc6 83. Ka7 Be3+ 84. Ka8 Bh6 85. Ka7 Bf4 86. Ka8
Nb6+ 87. Ka7 Be5 88. Ka6 Bb8 89. Ka5 Kc5 90. Ka6 Kc6 91. Ka5 Nd5 92. Ka4
Kc5 93. Kb3 Nb4 94. Kc3 Bf4 95. Kb3 Bd2 96. Ka4 Kc4 97. Ka5 Be3 98. Ka4 Bb6
99. Ka3 Nd3 100. Ka4 Nb2+ 101. Ka3 Kc3 102. Ka2 Bc5 103. Kb1 Nd3 104. Ka2
Kc2 105. Ka1 Kb3 106. Kb1 Ba3 { Game drawn by the 50 move rule } 1/2-1/2

[Event "ICC tourney 2501 (45 10)"]
[Site "Internet Chess Club"]
[Date "2021.04.10"]
[Round "1"]
[White "UDOVENKO, DANIEL ALEXANDER:DanielA1926"]
[Black "LIN, LEO FANYUE:Leolix"]
[Result "1/2-1/2"]
[ICCResult "Game drawn by mutual agreement"]
[WhiteElo "1763"]
[BlackElo "2027"]
[Opening "Torre attack (Tartakower variation)"]
[ECO "D03"]
[NIC "QP.08"]
[Time "11:02:42"]
[PlyCount "113"]
[TimeControl "2700+10"]

1. d4 d5 2. Nf3 Nf6 3. Bg5 e6 4. e3 Be7 5. Be2 c5 6. O-O Nc6 7. dxc5 Bxc5
8. c3 Be7 9. Nbd2 a6 10. Nb3 O-O 11. Nbd4 Bd7 12. Bd3 h6 13. Bf4 Nh5 14.
Re1 Nxf4 15. exf4 Bd6 16. Nxc6 Bxc6 17. Ne5 Qf6 18. Qd2 Rfd8 19. Rad1 Bc7
20. g3 Rd6 21. Ng4 Qd8 22. Qc2 d4 23. Ne5 dxc3 24. bxc3 Rc8 25. Nxc6 bxc6
26. Bxa6 Ra8 27. Rxd6 Qxd6 28. Bc4 Qc5 29. Bb3 Rd8 30. c4 Bb6 31. Qe2 Rd4
32. Rd1 Rxd1+ 33. Bxd1 Qd4 34. Bb3 Kf8 35. Kg2 Kg8 36. Qf3 Kf8 37. Ba4 Qxc4
38. Qxc6 Qxc6+ 39. Bxc6 Ke7 40. a4 Kd6 41. Bb5 Kd5 42. Kf3 f5 43. h3 e5 44.
fxe5 Kxe5 45. h4 g5 46. hxg5 hxg5 47. Ke2 g4 48. Bd7 Kf6 49. Bc8 Ke5 50.
Bd7 Kf6 51. Bb5 Ke5 52. f3 gxf3+ 53. Kxf3 Ba5 54. g4 fxg4+ 55. Kxg4 Kd4 56.
Kf5 Kd5 57. Be8 { Game drawn by mutual agreement } 1/2-1/2

[Event "ICC tourney 2501 (45 10)"]
[Site "Internet Chess Club"]
[Date "2021.04.10"]
[Round "1"]
[White "LIVNE, OREN:orenlivne"]
[Black "SANE, ADWAY:adwaysane"]
[Result "1/2-1/2"]
[ICCResult "Game drawn because neither player has mating material"]
[WhiteElo "2026"]
[BlackElo "1728"]
[Opening "English: Neo-Catalan"]
[ECO "A13"]
[NIC "QP.11"]
[Time "11:02:38"]
[PlyCount "132"]
[TimeControl "2700+10"]

1. Nf3 Nf6 2. c4 e6 3. g3 d5 4. d4 b6 5. cxd5 exd5 6. Bg2 Bb4+ 7. Nc3 O-O
8. Qb3 Bxc3+ 9. Qxc3 Ne4 10. Qc2 f6 11. O-O Re8 12. Bf4 Nd6 13. Rac1 c6 14.
Rfe1 Bf5 15. Qa4 g5 16. Bxd6 Qxd6 17. b4 b5 18. Qa5 Qd8 19. Qxd8 Rxd8 20.
a4 bxa4 21. Ra1 Bc2 22. Rec1 Bb3 23. Nd2 Rd6 24. Nxb3 axb3 25. Rcb1 Nd7 26.
Rxb3 Nb6 27. Rba3 Rd7 28. e3 Kf7 29. Ra6 Rb7 30. Bf1 Ke7 31. Rc1 Kd6 32. b5
cxb5 33. Bxb5 Rc7 34. Rca1 Rb7 35. Kg2 f5 36. h3 f4 37. exf4 gxf4 38. g4 h5
39. g5 h4 40. Kf3 Rg8 41. Rxa7 Rxa7 42. Rxa7 Rxg5 43. Kxf4 Rg2 44. Kf3 Rg6
45. Rh7 Rf6+ 46. Ke3 Re6+ 47. Kd3 Re4 48. f3 Rf4 49. Rh6+ Kc7 50. Ke3 Rf5
51. Rxh4 Nc4+ 52. Bxc4 dxc4 53. Rh6 c3 54. h4 Rxf3+ 55. Ke2 Rf2+ 56. Kd1
Rd2+ 57. Kc1 Rxd4 58. Kc2 Rc4 59. h5 Kd7 60. Ra6 Rc8 61. h6 Ke7 62. h7 Kf7
63. Rc6 Rh8 64. Rc7+ Kg6 65. Kxc3 Rxh7 66. Rxh7 Kxh7 { Game drawn because
neither player has mating material } 1/2-1/2

[Event "ICC tourney 2501 (45 10)"]
[Site "Internet Chess Club"]
[Date "2021.04.10"]
[Round "2"]
[White "LIANG, ETHAN Y:ELCCEthan488"]
[Black "CHAN, MATTHEW M:mmchan"]
[Result "1-0"]
[ICCResult "Black resigns"]
[WhiteElo "1811"]
[BlackElo "1925"]
[Opening "QGD: exchange, positional line"]
[ECO "D35"]
[NIC "QO.16"]
[Time "13:31:29"]
[PlyCount "83"]
[TimeControl "2700+10"]

1. d4 Nf6 2. c4 e6 3. Nc3 d5 4. cxd5 exd5 5. Bg5 Nbd7 6. e3 c6 7. Bd3 Be7
8. Nf3 Nf8 9. O-O Ne6 10. Bh4 O-O 11. a3 a5 12. Rb1 Re8 13. Qc2 g6 14. Ne5
Nd7 15. Bg3 Nxe5 16. Bxe5 Bd6 17. f4 Ng7 18. e4 Bxe5 19. dxe5 Qb6+ 20. Kh1
Qc5 21. Nxd5 Qxc2 22. Nf6+ Kh8 23. Bxc2 Rd8 24. Rbd1 Be6 25. Rd6 Ne8 26.
Nxe8 Rxe8 27. Rfd1 Ra6 28. f5 gxf5 29. exf5 Bd5 30. f6 Raa8 31. Re1 Rad8
32. Rxd8 Rxd8 33. h3 Bxg2+ 34. Kxg2 Rd2+ 35. Kg3 Rxc2 36. Rd1 h6 37. e6
fxe6 38. Rd8+ Kh7 39. f7 Rxb2 40. f8=Q Rb3+ 41. Kh4 Rxh3+ 42. Kxh3 { Black
resigns } 1-0

[Event "ICC tourney 2501 (45 10)"]
[Site "Internet Chess Club"]
[Date "2021.04.10"]
[Round "2"]
[White "EHSANI, YASSAMIN:Blue-Elephant1"]
[Black "GUSEINOV, GADIR:GGuseinov"]
[Result "0-1"]
[ICCResult "White resigns"]
[WhiteElo "2120"]
[BlackElo "2715"]
[Opening "King's Indian: Sämisch, Panno formation"]
[ECO "E83"]
[NIC "KI.52"]
[Time "13:31:29"]
[PlyCount "42"]
[TimeControl "2700+10"]

1. d4 Nf6 2. c4 g6 3. Nc3 Bg7 4. e4 d6 5. Nge2 O-O 6. f3 a6 7. Be3 Nc6 8.
Qd2 Bd7 9. Nc1 Nh5 10. Be2 e5 11. d5 Nd4 12. Nb3 Nxe2 13. Nxe2 f5 14. O-O
f4 15. Bf2 g5 16. c5 g4 17. Kh1 g3 18. Bg1 Qh4 19. cxd6 cxd6 20. Rfc1 gxh2
21. Bb6 Bb5 { White resigns } 0-1

[Event "ICC tourney 2501 (45 10)"]
[Site "Internet Chess Club"]
[Date "2021.04.10"]
[Round "2"]
[White "OPASKA, MICHAEL:mopaska1106"]
[Black "HU, MERRIC:edmehu"]
[Result "0-1"]
[ICCResult "White resigns"]
[WhiteElo "1908"]
[BlackElo "2197"]
[Opening "King's Indian: Sämisch, orthodox main line"]
[ECO "E89"]
[NIC "KI.41"]
[Time "13:31:39"]
[PlyCount "60"]
[TimeControl "2700+10"]

1. d4 Nf6 2. c4 g6 3. Nc3 Bg7 4. e4 d6 5. f3 O-O 6. Be3 e5 7. d5 c6 8. Nge2
cxd5 9. cxd5 a6 10. Nc1 Nh5 11. Be2 Nf4 12. O-O Qg5 13. Bxf4 exf4 14. Nb3
Nd7 15. Rc1 h5 16. a4 Nf6 17. Re1 h4 18. Bf1 Bd7 19. a5 Nh5 20. Re2 Ng3 21.
Rec2 Nxf1 22. Qxf1 h3 23. Kh1 Rac8 24. gxh3 Qh5 25. Qf2 Rc7 26. Nd2 Rfc8
27. Rb1 Bxh3 28. Rcc1 Bxc3 29. bxc3 Rxc3 30. Rxc3 Rxc3 { White resigns }
0-1

[Event "ICC tourney 2501 (45 10)"]
[Site "Internet Chess Club"]
[Date "2021.04.10"]
[Round "2"]
[White "Ulrich, Susanna G:thetornado"]
[Black "POTHURI, ABHIRAM:chessasp"]
[Result "0-1"]
[ICCResult "White resigns"]
[WhiteElo "2193"]
[BlackElo "1980"]
[Opening "Grünfeld: Russian variation"]
[ECO "D96"]
[NIC "GI.10"]
[Time "13:31:30"]
[PlyCount "110"]
[TimeControl "2700+10"]

1. d4 Nf6 2. c4 g6 3. Nc3 d5 4. Nf3 Bg7 5. Qb3 c6 6. Bf4 O-O 7. e3 dxc4 8.
Bxc4 b5 9. Be2 Be6 10. Qc2 Nbd7 11. O-O Nb6 12. Ne5 Rc8 13. b4 Nbd5 14.
Nxd5 Nxd5 15. Bg3 Nxb4 16. Qc5 a5 17. a3 Na6 18. Qa7 Nb8 19. Rfc1 Bd5 20.
Rc3 a4 21. Rac1 Bxe5 22. Bxe5 Nd7 23. Bf4 Nb6 24. Qa5 Bc4 25. Bf3 Nd5 26.
Qxd8 Rfxd8 27. Bxd5 cxd5 28. f3 f6 29. Bg3 Kf7 30. Rd1 Rc6 31. e4 e6 32. e5
fxe5 33. Bxe5 Rdc8 34. Rdc1 Ke7 35. f4 Kd7 36. Rh3 h5 37. g4 Be2 38. Rxc6
Rxc6 39. gxh5 Bxh5 40. Kf2 Rc2+ 41. Ke1 Kc6 42. Bg7 b4 43. axb4 Kb5 44. Bf8
Re2+ 45. Kf1 Re4 46. Bc5 Rxf4+ 47. Ke1 Re4+ 48. Kd2 Re2+ 49. Kc1 Bg4 50.
Rh4 Bf5 51. Kd1 a3 52. Rh8 a2 53. Ra8 Rb2 54. Ra5+ Kc4 55. b5 Rb1+ { White
resigns } 0-1

[Event "ICC tourney 2501 (45 10)"]
[Site "Internet Chess Club"]
[Date "2021.04.10"]
[Round "2"]
[White "XUE, JERRY Q:JQX2019"]
[Black "LIU, PATRICK PEIJUN:JunlinTheWorld"]
[Result "1-0"]
[ICCResult "Black checkmated"]
[WhiteElo "1943"]
[BlackElo "1874"]
[Opening "Grünfeld: Three knights variation"]
[ECO "D90"]
[NIC "GI.07"]
[Time "13:31:39"]
[PlyCount "71"]
[TimeControl "2700+10"]

1. d4 Nf6 2. c4 g6 3. Nc3 d5 4. Nf3 Bg7 5. h4 c5 6. dxc5 Qa5 7. cxd5 Ne4 8.
Bd2 Nxc3 9. Bxc3 Bxc3+ 10. bxc3 Qxc3+ 11. Nd2 Qxc5 12. Rc1 Qd4 13. e3 Qg4
14. Be2 Qf5 15. e4 Qf6 16. Rxc8+ Kd7 17. Bg4+ e6 18. Rxh8 Qxh8 19. dxe6+
Ke7 20. Qb3 Qa1+ 21. Nb1 Nc6 22. O-O Na5 23. Qb4+ Kf6 24. Nc3 Nc6 25. Qa3
Qxf1+ 26. Kxf1 fxe6 27. Qd6 Rd8 28. Qxe6+ Kg7 29. Nd5 Rf8 30. Qd7+ Rf7 31.
Qd6 a6 32. Be6 Rf8 33. Qc7+ Kh8 34. Qxb7 Nd8 35. Qb2+ Rf6 36. Qxf6# { Black
checkmated } 1-0

[Event "ICC tourney 2501 (45 10)"]
[Site "Internet Chess Club"]
[Date "2021.04.10"]
[Round "2"]
[White "SANE, ADWAY:adwaysane"]
[Black "UDOVENKO, DANIEL ALEXANDER:DanielA1926"]
[Result "1-0"]
[ICCResult "Black checkmated"]
[WhiteElo "1728"]
[BlackElo "1763"]
[Opening "Robatsch defense: two knights variation"]
[ECO "A40"]
[NIC "KF.05"]
[Time "13:31:35"]
[PlyCount "107"]
[TimeControl "2700+10"]

1. d4 g6 2. e4 Bg7 3. Nf3 d6 4. Nc3 Nd7 5. Bf4 c5 6. d5 a6 7. a4 Ngf6 8.
Be2 O-O 9. O-O Nh5 10. Be3 Ne5 11. Nxe5 Bxe5 12. Bxh5 gxh5 13. Qxh5 f5 14.
Bh6 Rf6 15. f4 Bxc3 16. bxc3 fxe4 17. f5 Kh8 18. Rf4 Bd7 19. g4 Qg8 20. c4
e6 21. dxe6 Bxe6 22. fxe6 Rxf4 23. Bxf4 Qxe6 24. Rd1 Rd8 25. Rd5 Rf8 26.
Bxd6 Rf3 27. Be5+ Kg8 28. Rd8+ Rf8 29. Qg5+ Qg6 30. Rxf8+ Kxf8 31. Qxg6
hxg6 32. Bd6+ Kf7 33. Bxc5 Ke6 34. Kf2 Ke5 35. Ke3 a5 36. Bb6 g5 37. Bxa5
Kd6 38. Bd8 Kc5 39. Bxg5 Kxc4 40. Kxe4 Kb4 41. Be3 Kxa4 42. g5 b5 43. Bc5
b4 44. Bxb4 Kxb4 45. g6 Kc3 46. g7 Kxc2 47. g8=Q Kd1 48. Qg2 Kc1 49. h4 Kd1
50. h5 Ke1 51. h6 Kd1 52. h7 Ke1 53. h8=Q Kd1 54. Qhh1# { Black checkmated
} 1-0

[Event "ICC tourney 2501 (45 10)"]
[Site "Internet Chess Club"]
[Date "2021.04.10"]
[Round "2"]
[White "PULLELA, SRICHARAN:Sricharan07"]
[Black "MARKOVIC, GORAN:Goran21"]
[Result "1-0"]
[ICCResult "Black checkmated"]
[WhiteElo "1853"]
[BlackElo "1989"]
[Opening "King's Indian: London system"]
[ECO "A48"]
[NIC "QP.03"]
[Time "13:31:39"]
[PlyCount "107"]
[TimeControl "2700+10"]

1. d4 Nf6 2. Nf3 g6 3. Bf4 Bg7 4. e3 O-O 5. Be2 c5 6. c3 cxd4 7. cxd4 d6 8.
h3 Nd5 9. Bg3 Nc6 10. O-O e5 11. Nc3 Nb6 12. Rc1 f5 13. dxe5 dxe5 14. Qb3+
Kh8 15. Rfd1 Qe8 16. Nb5 Qe7 17. Bh4 Bf6 18. Bxf6+ Rxf6 19. Qc3 a6 20. Na3
Bd7 21. Nc4 Nxc4 22. Bxc4 Rc8 23. Qd2 Be8 24. Bb3 Rd8 25. Qe2 e4 26. Ne1
Ne5 27. Rxd8 Qxd8 28. Rd1 Qe7 29. Qd2 Nc6 30. Qc3 b5 31. Nc2 b4 32. Qc4 Bf7
33. Qxa6 Bxb3 34. axb3 Ne5 35. Qb5 Nd3 36. Ne1 f4 37. Nxd3 fxe3 38. Qe5
exf2+ 39. Kf1 Qf7 40. Qxe4 Qxb3 41. Rd2 Qa2 42. Nxf2 Qa1+ 43. Qe1 Qa6+ 44.
Kg1 Re6 45. Qc1 Qb7 46. Rd8+ Kg7 47. Qc8 Qb6 48. Qd7+ Kh6 49. Qd2+ g5 50.
Rd5 Rg6 51. h4 Qa7 52. hxg5+ Kh5 53. Qe2+ Kh4 54. Qg4# { Black checkmated }
1-0

[Event "ICC tourney 2501 (45 10)"]
[Site "Internet Chess Club"]
[Date "2021.04.10"]
[Round "2"]
[White "Vittal, Sanjana:MCTS13"]
[Black "GAO, MARVIN:kaiclc"]
[Result "1-0"]
[ICCResult "Black checkmated"]
[WhiteElo "2206"]
[BlackElo "2023"]
[Opening "Sicilian: closed, 2...Nc6"]
[ECO "B23"]
[NIC "SI.44"]
[Time "13:31:36"]
[PlyCount "71"]
[TimeControl "2700+10"]

1. e4 c5 2. Nc3 Nc6 3. Bb5 Nf6 4. Bxc6 bxc6 5. d3 d5 6. e5 Nd7 7. f4 e6 8.
Nf3 Be7 9. O-O O-O 10. Qe1 f6 11. Ne2 fxe5 12. fxe5 Rxf3 13. Rxf3 Nxe5 14.
Rf1 Bf6 15. Nf4 Qe8 16. Qe2 c4 17. d4 Nf7 18. c3 Nd6 19. Nh5 Ne4 20. Bf4 c5
21. Nxf6+ gxf6 22. dxc5 Nxc5 23. Be3 Ne4 24. Rf4 f5 25. Raf1 Qg6 26. R1f3
Kf8 27. Rxe4 dxe4 28. Rg3 Qf7 29. Qxc4 Bd7 30. Qd4 Rc8 31. Bh6+ Ke8 32. Rg7
e5 33. Qxe5+ Qe6 34. Rg8+ Ke7 35. Bg5+ Kf7 36. Qg7# { Black checkmated }
1-0

[Event "ICC tourney 2501 (45 10)"]
[Site "Internet Chess Club"]
[Date "2021.04.10"]
[Round "2"]
[White "YANG, ANDY:lemonoosa"]
[Black "SHEEHAN, ETHAN THOMAS:Chessking2008"]
[Result "1-0"]
[ICCResult "Black resigns"]
[WhiteElo "2080"]
[BlackElo "2220"]
[Opening "Queen's pawn: London system"]
[ECO "A45"]
[NIC "QP.07"]
[Time "13:31:35"]
[PlyCount "109"]
[TimeControl "2700+10"]

1. d4 Nf6 2. Bf4 c5 3. d5 e6 4. c4 exd5 5. cxd5 d6 6. Nc3 g6 7. Nf3 a6 8.
a4 Bg7 9. e4 O-O 10. Bd3 Bg4 11. O-O Nh5 12. Bd2 Nd7 13. h3 Bxf3 14. Qxf3
Qc7 15. Rac1 Qb6 16. Rb1 Bd4 17. Be3 Ne5 18. Qe2 c4 19. Bxd4 Qxd4 20. Bc2
Ng3 21. Qd1 Qc5 22. Re1 b5 23. Re3 Nh5 24. Ne2 b4 25. Qd4 Qxd4 26. Nxd4
Rfc8 27. Rf1 b3 28. Bd1 Nf4 29. g3 Nfd3 30. f4 Nd7 31. Bg4 Rc7 32. Nxb3 Rb8
33. Nd4 Rxb2 34. Nc6 N7c5 35. e5 dxe5 36. fxe5 h5 37. e6 fxe6 38. dxe6 Rxc6
39. e7 Rb8 40. e8=Q+ Rxe8 41. Rxe8+ Kg7 42. Re7+ Kg8 43. Bf3 Rd6 44. Be4
Nxe4 45. Rxe4 Rc6 46. Re8+ Kg7 47. Re7+ Kg8 48. Rff7 Ne5 49. Rg7+ Kh8 50.
Rh7+ Kg8 51. Reg7+ Kf8 52. Rb7 Kg8 53. Rhe7 Rc8 54. Rxe5 c3 55. Re1 { Black
resigns } 1-0

[Event "ICC tourney 2501 (45 10)"]
[Site "Internet Chess Club"]
[Date "2021.04.10"]
[Round "2"]
[White "QIN, VINCENT:VQinchess"]
[Black "SHANKAR, ADEETHYIA:adchess"]
[Result "1/2-1/2"]
[ICCResult "Game drawn by repetition"]
[WhiteElo "1855"]
[BlackElo "2039"]
[Opening "Caro-Kann: advance variation"]
[ECO "B12"]
[NIC "CK.04"]
[Time "13:31:38"]
[PlyCount "93"]
[TimeControl "2700+10"]

1. e4 c6 2. d4 d5 3. e5 Bf5 4. Nf3 e6 5. Be2 Nd7 6. O-O h6 7. Nbd2 Ne7 8.
Nb3 g5 9. Ne1 Qc7 10. Nd3 Ng6 11. c3 O-O-O 12. Ne1 Ne7 13. f4 gxf4 14. Bxf4
Ng6 15. Bg3 Nb6 16. Bh5 Nc4 17. Qe2 Be7 18. Nd3 Rhg8 19. Rxf5 exf5 20. Rf1
Rg7 21. Rxf5 Bh4 22. Bxh4 Nxh4 23. Rf2 Rdg8 24. g4 Ng6 25. Nbc5 Qe7 26. Rf6
Nf8 27. b3 Nb6 28. h4 Nbd7 29. Qf3 Kb8 30. b4 Nxc5 31. Nxc5 Nh7 32. Kf1 Ka8
33. b5 cxb5 34. Ra6 Rd8 35. Rf6 Kb8 36. Qf5 Rh8 37. Rd6 Qxh4 38. Qd7 Qh1+
39. Kf2 Qh2+ 40. Ke1 Qg3+ 41. Kd2 Qf2+ 42. Kc1 Qe1+ 43. Kc2 Qe2+ 44. Kc1
Qe1+ 45. Kc2 Qe2+ 46. Kc1 Qe1+ 47. Kc2 { Game drawn by repetition } 1/2-1/2

[Event "ICC tourney 2501 (45 10)"]
[Site "Internet Chess Club"]
[Date "2021.04.10"]
[Round "2"]
[White "LIN, LEO FANYUE:Leolix"]
[Black "ZHANG, MULAN JIEMIN:Mulan2009"]
[Result "1-0"]
[ICCResult "Black resigns"]
[WhiteElo "2027"]
[BlackElo "1667"]
[Opening "Queen's pawn, Mason variation"]
[ECO "D00"]
[NIC "QP.08"]
[Time "13:31:39"]
[PlyCount "73"]
[TimeControl "2700+10"]

1. d4 d5 2. Bf4 e6 3. e3 Bd6 4. Bg3 Nf6 5. Nf3 c5 6. c3 Nc6 7. Bd3 c4 8.
Bc2 b5 9. Nbd2 Qe7 10. Ne5 Bxe5 11. dxe5 Nd7 12. f4 h5 13. Nf3 Nc5 14. Nd4
Qb7 15. a4 b4 16. Nb5 Qb6 17. Nd6+ Kf8 18. e4 Ne7 19. Bf2 Qa5 20. Nxc4 dxc4
21. Bxc5 bxc3 22. Bb4 Qb6 23. bxc3 Qe3+ 24. Qe2 Qxf4 25. Rd1 Ba6 26. Rd6
Bb7 27. Rd7 Bc6 28. Rxe7 Qc1+ 29. Bd1 a5 30. Bd6 Qxc3+ 31. Qd2 Qxd2+ 32.
Kxd2 Bxe4 33. Rf1 Bg6 34. Ra7+ Kg8 35. Rxa8+ Kh7 36. Rxh8+ Kxh8 37. Kc3 {
Black resigns } 1-0

[Event "ICC tourney 2501 (45 10)"]
[Site "Internet Chess Club"]
[Date "2021.04.10"]
[Round "2"]
[White "YERRAJENNU, SISIRA S:ybabji"]
[Black "Minero Pineda, Sergio:SuperBueno"]
[Result "1-0"]
[ICCResult "Black resigns"]
[WhiteElo "1931"]
[BlackElo "2490"]
[Opening "French: exchange variation"]
[ECO "C01"]
[NIC "FR.01"]
[Time "13:31:30"]
[PlyCount "107"]
[TimeControl "2700+10"]

1. e4 e6 2. d4 d5 3. exd5 exd5 4. Nc3 Nf6 5. Be3 Be7 6. Bd3 O-O 7. Nf3 Bg4
8. h3 Bh5 9. O-O Nbd7 10. Be2 c6 11. Nh2 Bxe2 12. Qxe2 Re8 13. Qd3 Bd6 14.
f3 Qc7 15. Ng4 Nxg4 16. hxg4 Re6 17. f4 Rae8 18. Rf3 Nf6 19. g5 Ne4 20. f5
R6e7 21. Rh3 Nxc3 22. f6 Re4 23. bxc3 g6 24. Rf1 Qa5 25. Bd2 Qb5 26. Qxb5
cxb5 27. Rff3 Re2 28. Rf2 R2e6 29. g3 Re2 30. Rxe2 Rxe2 31. Rh2 Re6 32. Kf2
Bf8 33. Rh1 h6 34. gxh6 Rxf6+ 35. Ke2 Ra6 36. Ra1 Ra3 37. g4 f6 38. Rb1 b4
39. cxb4 Rxa2 40. Kd3 g5 41. Rf1 Ra6 42. b5 Re6 43. Rf5 Bxh6 44. Rxd5 Re7
45. Rd8+ Kf7 46. Bb4 Re8 47. Rd7+ Kg6 48. Rxb7 f5 49. Rxa7 fxg4 50. Bd6 g3
51. Bxg3 g4 52. Ra6+ Kh5 53. Rxh6+ Kxh6 54. b6 { Black resigns } 1-0

[Event "ICC tourney 2501 (45 10)"]
[Site "Internet Chess Club"]
[Date "2021.04.10"]
[Round "2"]
[White "BROWN, WAYNE B:Plato"]
[Black "AIGNER, MICHAEL:f5"]
[Result "1/2-1/2"]
[ICCResult "Game drawn by mutual agreement"]
[WhiteElo "2024"]
[BlackElo "2203"]
[Opening "Sicilian defense"]
[ECO "B30"]
[NIC "SI.31"]
[Time "13:31:37"]
[PlyCount "85"]
[TimeControl "2700+10"]

1. e4 c5 2. Nf3 Nc6 3. c3 Nf6 4. e5 Nd5 5. Bc4 Nb6 6. Bb3 d6 7. exd6 e6 8.
d4 cxd4 9. cxd4 Bxd6 10. Nc3 O-O 11. O-O e5 12. Bg5 Qd7 13. Nxe5 Nxe5 14.
dxe5 Bxe5 15. Re1 Bxc3 16. bxc3 Qc6 17. Qh5 Bf5 18. Rad1 Bg6 19. Qg4 Rfe8
20. Rxe8+ Rxe8 21. h4 Qe4 22. Qxe4 Bxe4 23. Be3 Bc6 24. Rd4 g6 25. Rf4 Re7
26. Rd4 Rd7 27. Rxd7 Bxd7 28. Bxb6 axb6 29. f3 Kf8 30. Kf2 Ke7 31. Ke3 f6
32. Kd4 h6 33. g3 g5 34. f4 gxh4 35. gxh4 Kd6 36. Bd5 Bc8 37. Bb3 b5 38.
Bd5 b6 39. a3 Bf5 40. Bf7 Bd7 41. Bd5 Bf5 42. Bf7 Bd7 43. Bd5 { Game drawn
by mutual agreement } 1/2-1/2

[Event "ICC tourney 2501 (45 10)"]
[Site "Internet Chess Club"]
[Date "2021.04.10"]
[Round "2"]
[White "CHENG, CLAIRE:Clairehouses"]
[Black "TRANDAFIR, STEFAN:trandaferrari"]
[Result "1-0"]
[ICCResult "Black resigns"]
[WhiteElo "1766"]
[BlackElo "1982"]
[Opening "Grünfeld: exchange, classical variation"]
[ECO "D87"]
[NIC "GI.05"]
[Time "13:31:39"]
[PlyCount "107"]
[TimeControl "2700+10"]

1. d4 Nf6 2. c4 g6 3. Nc3 d5 4. cxd5 Nxd5 5. e4 Nxc3 6. bxc3 Bg7 7. Bc4 c5
8. Ne2 Nc6 9. Be3 O-O 10. O-O Bg4 11. f3 Bd7 12. Qc2 Rc8 13. dxc5 Na5 14.
Bd3 Qc7 15. Rfd1 Be6 16. Nf4 Bh6 17. g3 Nc4 18. Bxc4 Bxc4 19. Qf2 e5 20.
Nd5 Bxe3 21. Qxe3 Qxc5 22. Qxc5 Rxc5 23. Nf6+ Kg7 24. Nd7 Rfc8 25. Nxc5
Rxc5 26. Rd7 Rb5 27. a4 Rb2 28. Rad1 Be2 29. R1d2 Rxd2 30. Rxd2 Bxf3 31. a5
Bxe4 32. Kf2 a6 33. Ke3 Bc6 34. Rd6 f5 35. Re6 e4 36. Kf4 Kf7 37. Rd6 Ke7
38. Ke5 e3 39. Rd3 e2 40. Re3 Bb5 41. Kd4+ Kd6 42. c4 Bc6 43. Rxe2 Be4 44.
Rb2 Bc6 45. Rb6 Ke6 46. Rb2 g5 47. Re2+ Kd6 48. c5+ Kd7 49. Re5 Be4 50. g4
Bf3 51. gxf5 Kc6 52. f6 Bh5 53. Rxg5 Bg6 54. Rxg6 { Black resigns } 1-0

[Event "ICC tourney 2501 (45 10)"]
[Site "Internet Chess Club"]
[Date "2021.04.10"]
[Round "2"]
[White "KUNKA, HARSHID:ChessKidA8"]
[Black "POWER, SEAN K:KnightHopper"]
[Result "1-0"]
[ICCResult "Black forfeits on time"]
[WhiteElo "2232"]
[BlackElo "2009"]
[Opening "Scandinavian defense"]
[ECO "B01"]
[NIC "SD.03"]
[Time "13:31:35"]
[PlyCount "59"]
[TimeControl "2700+10"]

1. e4 d5 2. exd5 Nf6 3. d4 Bg4 4. Nf3 Qxd5 5. Be2 Nc6 6. O-O O-O-O 7. c4
Qf5 8. Be3 e5 9. d5 e4 10. Nd4 Nxd4 11. Bxd4 Bd6 12. Bxf6 Bxe2 13. Qxe2
gxf6 14. Nc3 Qe5 15. f4 Qd4+ 16. Kh1 f5 17. Nb5 Qb6 18. a4 a6 19. a5 Qc5
20. b4 Qxb4 21. Na7+ Kd7 22. Rab1 Qc3 23. Rfc1 Qf6 24. Qe3 Qh6 25. g3 Rhg8
26. c5 Rxg3 27. Qxg3 Bxf4 28. c6+ Ke8 29. Qg2 Bxc1 30. cxb7 { Black
forfeits on time } 1-0

[Event "ICC tourney 2501 (45 10)"]
[Site "Internet Chess Club"]
[Date "2021.04.10"]
[Round "2"]
[White "DENG, HENRY:SuperPuzzler"]
[Black "ZENG, ELBERT:investigator"]
[Result "1/2-1/2"]
[ICCResult "Game drawn by mutual agreement"]
[WhiteElo "2072"]
[BlackElo "2123"]
[Opening "Pirc defense"]
[ECO "B07"]
[NIC "PU.07"]
[Time "13:31:26"]
[PlyCount "91"]
[TimeControl "2700+10"]

1. e4 d6 2. d4 Nf6 3. Nc3 g6 4. Be2 Bg7 5. Be3 a6 6. a4 Nc6 7. h3 O-O 8.
Nf3 e5 9. O-O Re8 10. dxe5 dxe5 11. Bc4 Be6 12. Bxe6 Rxe6 13. Qxd8+ Rxd8
14. Bg5 Nd4 15. Rad1 c6 16. Kh1 Rde8 17. Rd2 Nd7 18. Be3 Rd6 19. Rfd1 Nc5
20. Nxd4 exd4 21. Bxd4 Nxe4 22. Nxe4 Rxe4 23. Bxg7 Rxd2 24. Rxd2 Kxg7 25.
b3 Kf6 26. g3 Ke6 27. Kg2 b5 28. axb5 cxb5 29. Rd8 a5 30. Kf3 Re5 31. Ra8
b4 32. Ra6+ Ke7 33. Ra7+ Kf6 34. Ra6+ Kg7 35. Rc6 Kf8 36. c3 bxc3 37. Rxc3
Ke7 38. Rc7+ Ke6 39. Rb7 Rf5+ 40. Ke3 h6 41. b4 axb4 42. Rxb4 Kf6 43. Rb6+
Ke7 44. Rb7+ Ke6 45. Rb6+ Ke7 46. Rb7+ { Game drawn by mutual agreement }
1/2-1/2

[Event "ICC tourney 2501 (45 10)"]
[Site "Internet Chess Club"]
[Date "2021.04.10"]
[Round "2"]
[White "KIRYUKHIN, ARTEM:Feugon"]
[Black "QUIRKE, JEFFREY L:PawnEatingZombi"]
[Result "0-1"]
[ICCResult "White resigns"]
[WhiteElo "1988"]
[BlackElo "2201"]
[Opening "Bird's opening"]
[ECO "A02"]
[NIC "VO.07"]
[Time "13:31:33"]
[PlyCount "70"]
[TimeControl "2700+10"]

1. f4 c5 2. Nf3 g6 3. c4 Bg7 4. Nc3 Nc6 5. e4 d6 6. d3 e6 7. Be2 Nge7 8.
Be3 Nd4 9. O-O O-O 10. Rb1 b6 11. Bxd4 cxd4 12. Nb5 Nc6 13. Qe1 a6 14. Na3
f5 15. Nd2 Bd7 16. Bf3 Rc8 17. b4 a5 18. bxa5 bxa5 19. Nc2 Qc7 20. a3 Rb8
21. c5 dxc5 22. e5 a4 23. Nc4 Rxb1 24. Qxb1 Rb8 25. Qa2 Rb3 26. Rd1 Na5 27.
Na1 Rb8 28. Nxa5 Qxa5 29. Rc1 Qb5 30. Qc2 Bf8 31. h3 Kf7 32. Rd1 Qb2 33.
Qc4 Bb5 34. Qc1 Qxc1 35. Rxc1 Bxd3 { White resigns } 0-1